 Dungeon Crawl Stone Soup version 0.28-a0-1117-g0bdd5ba030 (webtiles) character file.

Game seed: 9475386861043862618

117 pokeman the Magician (level 4, 0/25 HPs)
             Began as a Deep Elf Hedge Wizard on Dec 11, 2021.
             Succumbed to a water moccasin's poison
             ... in a sewer.
             The game lasted 00:04:18 (2684 turns).

pokeman the Magician (Deep Elf Hedge Wizard)        Turns: 2684, Time: 00:04:19

Health: 0/25       AC:  2    Str:  5 (7)  XL:     4   Next: 71%
Magic:  9/13       EV: 12    Int: 20 (21) God:
Gold:   82         SH:  0    Dex: 11 (14) Spells: 3/14 levels left

rFire   . . .      SeeInvis .   a - +0 dagger
rCold   . . .      Faith    .   (no shield)
rNeg    . . .      Spirit   .   b - +0 robe
rPois   .          Reflect  .   c - +0 hat
rElec   .          Harm     .   (no cloak)
rCorr   .          Rampage  .   (no gloves)
Will    .....                   (no boots)
Stlth   ++........              (no amulet)
HPRegen 0.08/turn               (no ring)
MPRegen 0.13/turn               (no ring)

@: lethally poisoned (0 -> -8), on blink cooldown, very slightly contaminated
A: no striking features
a: no special abilities


You were in a sewer.
You visited 1 branch of the dungeon, and saw 3 of its levels.
You also visited: Sewer.

You collected 82 gold pieces.

Inventory:

Hand Weapons
 a - a +0 dagger (weapon)
 n - a +0 hand crossbow
Missiles
 j - 55 bolts
 k - 42 arrows
 m - a throwing net
Armour
 b - a +0 robe (worn)
 c - a +0 hat (worn)
Scrolls
 d - 2 scrolls of fog {unknown}
 e - a scroll of amnesia {unknown}
 f - 4 scrolls of teleportation {unknown}
 h - 3 scrolls of vulnerability {unknown}
 i - a scroll of identify {unknown}
Potions
 l - a potion of heal wounds {unknown}
 o - a potion of mutation {unknown}


   Skills:
 - Level 1.0 Fighting
 - Level 1.0 Armour
 + Level 2.9 Dodging
 - Level 2.4 Stealth
 * Level 5.9 Spellcasting
 + Level 2.3 Conjurations
 - Level 1.1 Summonings
 - Level 1.1 Translocations
 - Level 1.0 Fire Magic
 + Level 0.0 Air Magic


You had 3 spell levels left.
You knew the following spells:

 Your Spells              Type           Power      Damage    Failure   Level
a - Magic Dart            Conj           60%        1d6       4%          1
b - Mephitic Cloud        Conj/Pois/Air  9%         N/A       22%         3
c - Call Imp              Summ           10%        N/A       11%         2
d - Blink                 Tloc           20%        N/A       11%         2
e - Conjure Flame         Conj/Fire      12%        6-21      16%         3

Your spell library contained the following spells:

 Spells                   Type           Power      Damage    Failure   Level
 Slow                     Hex            20%        N/A       11%         1


Dungeon Overview and Level Annotations

Branches:
Dungeon (3/15)              Sewer (1/1)

Altars:
Trog


Message History

The water moccasin hisses angrily.
Casting: Magic Dart (safe; 3% risk of failure)
Confirm with . or Enter, or press ? or * to list all spells.
A beastly little devil appears in a puff of flame.
Your crimson imp blinks!
You swap places.
You enter the shallow water.
Moving in this stuff is going to be slow.
The water moccasin bites your crimson imp but does no damage.
Your crimson imp completely misses the water moccasin.
The water moccasin bites your crimson imp!
Your crimson imp blinks!
You enter the shallow water.
Moving in this stuff is going to be slow.
The water moccasin closely misses you. The water moccasin bites you.
The water moccasin bites you. The water moccasin bites you!
The water moccasin misses you. The water moccasin misses you.
Casting: Call Imp (safe; 10% risk of failure)
Confirm with . or Enter, or press ? or * to list all spells.
You miscast Blink.
You are very lightly contaminated with residual magic.
Nothing appears to happen.
The water moccasin bites you.
You are lethally poisoned!
The water moccasin poisons you!
Casting: Blink (safe; 10% risk of failure)
Confirm with . or Enter, or press ? or * to list all spells.
You blink.
* * * LOW HITPOINT WARNING * * *
You feel very sick.
Your crimson imp blinks!
Unknown command.
* * * LOW HITPOINT WARNING * * *
You feel very sick.
Your crimson imp hits the water moccasin.
The water moccasin bites your crimson imp.
Unknown command.
It was a potion of degeneration.
There was something very wrong with that liquid.
You feel weakened.
You feel dopey.
You feel clumsy.
You die...

#..##≈# #..##≈#
##.###≈# ########
#...##≈##
###.≈..≈.###
#...#.≈.#
###.≈≈≈.≈≈≈..###
#.....≈.#
###.≈≈≈≈####.....#
#...))≈≈###...§≈###
###....
#####)≈≈≈.≈..S.##
#≈≈≈
#.....≈.###@5..≈#
..≈ #.∩...≈.#
###...≈.# ≈#
#.∩.#.≈.# ###.≈..≈
## #...##≈## ##....
######≈# #### #≈#
###


You could see a water moccasin (ally target) and a friendly crimson imp
(summoned).

Vanquished Creatures
  4 gnolls (D:2)
  2 adders
  2 worms (D:2)
  3 dart slugs
  3 ball pythons
  5 endoplasms
  4 giant cockroaches
  2 goblins (D:1)
  2 hobgoblins
  2 jackals (Sewer)
  3 quokkas
  5 bats
  4 frilled lizards
  7 kobolds
  2 rats (D:2)
50 creatures vanquished.

Notes
Turn   | Place    | Note
-------+----------+-------------------------------------------
     0 | D:1      | pokeman the Deep Elf Hedge Wizard began the quest for the
                  | Orb.
     0 | D:1      | Reached XP level 1. HP: 10/10 MP: 7/7
   290 | D:1      | Reached XP level 2. HP: 16/16 MP: 3/9
   975 | D:1      | Reached skill level 5 in Spellcasting
  1169 | D:2      | Found a faded altar of an unknown god.
  1210 | D:2      | Reached XP level 3. HP: 17/20 MP: 1/11
  1214 | D:2      | Learned a level 3 spell: Mephitic Cloud
  1217 | D:2      | Learned a level 2 spell: Call Imp
  1220 | D:2      | Learned a level 2 spell: Blink
  1224 | D:2      | Learned a level 3 spell: Conjure Flame
  1602 | D:2      | Reached skill level 1 in Fighting
  1602 | D:2      | Reached skill level 1 in Armour
  1628 | D:2      | Reached XP level 4. HP: 25/25 MP: 1/13
  2350 | D:3      | Found a bloodstained altar of Trog.
  2368 | D:3      | Reached skill level 1 in Fire Magic
  2420 | D:3      | Found a glowing drain.
  2499 | Sewer    | Entered a sewer
  2670 | Sewer    | Noticed a water moccasin
  2684 | Sewer    | Succumbed to a water moccasin's poison

Illustrated notes

Levels and vault maps discovered:
D:1:      zelgadis_glass_arrival_small, layout_rooms
D:2:      minmay_door_path, layout_basic, ebering_ecumenical_altar_ruins,
          kennysheep_generic_room_7
D:3:      layout_basic, bloody_trog, mainiacjoe_overflow_alcove_4,
          portal_sewer_entry_d
Sewer:    sewer_the_moccasin

Skill      XL: |  1  2  3  4 |
---------------+-------------+-----
Spellcasting   | 5 |  5.9
Fighting       | 1 |  1.0
Armour         | 1 |  1.0
Conjurations   | 2 |  2.3
Fire Magic     | 1 |  1.0
Dodging        | |  2.9
Stealth        | |  2.4
Summonings     | |  1.1
Translocations | |  1.1

Action                   |  1- 3 |  4- 6 || total
-------------------------+-------+-------++-------
Melee: Dagger            |    16 |     8 ||    24
 Cast: Magic Dart        |    85 |    42 ||   127
       Conjure Flame     |     2 |       ||     2
       Mephitic Cloud    |     2 |       ||     2
       Blink             |       |     1 ||     1
       Call Imp          |       |     1 ||     1
  Use: Potion            |       |     1 ||     1
 Stab: Confused          |     2 |       ||     2
Armor: Robe              |     2 |     4 ||     6
Dodge: Dodged            |    14 |    14 ||    28

Table legend: (Time is in decaauts)
 A = Elapsed time spent in this place.
 B = Non-inter-level travel time spent in this place.
 C = Inter-level travel time spent in this place.
 D = Time resting spent in this place.
 E = Time spent auto-exploring this place.
 F = Levels seen in this place.
 G = Mean time per level.
                   A        B        C        D        E       F      G
               +--------+--------+--------+--------+--------+-----+--------+
         Total |   2698 |   2637 |     61 |    242 |   2060 |   4 |  674.5 |
       Dungeon |   2503 |   2442 |     61 |    242 |   1899 |   3 |  834.3 |
         Sewer |    194 |    194 |      0 |      0 |    161 |   1 |  194.0 |
               +--------+--------+--------+--------+--------+-----+--------+

Top non-repeatable levels by time:
     D:2: 1184 daAuts
     D:1: 1166 daAuts
   Sewer: 194 daAuts
     D:3: 153 daAuts
